Map: Frozen Temple

Players

Has

  • Race: Protoss Protoss

viOLet - Winner!

  • Race: Zerg Zerg

Event: IEM Season 11 - Shanghai

VOD

Have the link to the VOD?

Description

Time

  • Played on: July 28, 2016, 8:19 a.m.
  • Length: 8:08

All games in this series

Show
View Real Time Build Order
Export as new Build Order

Has Protoss 

Build Orders:  

Get SALT Encoding   

  12  0:00  Probe (Chrono Boost)  
  13  0:11  Probe (Chrono Boost)  
  14  0:18  Pylon  
  14  0:22  Probe (Chrono Boost)  
  15  0:36  Probe (Chrono Boost)  
  15  0:40  Gateway  
  16  0:47  Probe (Chrono Boost)  
  17  0:52  Forge  
  17  0:57  Probe (Chrono Boost)  
  18  1:04  Assimilator  
  18  1:08  Probe (Chrono Boost)  
  20  1:18  Probe (Chrono Boost)  
  20  1:29  Probe (Chrono Boost)  
  21  1:38  Pylon  
  21  1:39  Probe (Chrono Boost)  
  22  1:40  Pylon  
  22  1:41  Pylon  
  22  1:42  Pylon  
  22  1:50  Probe (Chrono Boost)  
  23  1:56  Photon Cannon  
  23  2:05  Photon Cannon  
  23  2:07  Pylon  
  23  2:17  Photon Cannon  
  24  2:27  Photon Cannon  
  23  2:32  Probe (Chrono Boost)  
  23  2:34  Zealot  
  26  2:44  Probe (Chrono Boost)  
  26  2:46  Cybernetics Core  
  26  2:50  Assimilator  
  26  2:56  Probe (Chrono Boost)  
  26  3:10  Nexus  
  27  3:14  Probe (Chrono Boost)  
  27  3:26  Probe (Chrono Boost)  
  28  3:32  Stargate  
  28  3:38  Probe (Chrono Boost)  
  29  3:45  Warp Gate  
  30  3:49  Probe (Chrono Boost)  
  30  4:00  Probe (Chrono Boost)  
  31  4:08  Pylon  
  31  4:10  Probe (Chrono Boost)  
  32  4:17  Pylon  
  32  4:21  Phoenix  
  32  4:23  Probe x2 (Chrono Boost)  
  36  4:26  Twilight Council  
  36  4:33  Probe (Chrono Boost)  
  36  4:35  Probe (Chrono Boost), Gateway  
  39  4:47  Mothership Core (Chrono Boost)  
  39  4:49  Pylon  
  39  4:52  Phoenix  
  41  4:53  Probe (Chrono Boost)  
  41  4:55  Resonating Glaives  
  43  5:05  Probe x2 (Chrono Boost)  
  45  5:12  Pylon  
  45  5:16  Gateway  
  45  5:18  Gateway  
  45  5:20  Gateway  
  45  5:24  Gateway  
  45  5:30  Gateway  
  45  5:34  Phoenix  
  49  5:49  Nexus  
  47  5:59  Probe (Chrono Boost)  
  47  6:01  Probe (Chrono Boost), Phoenix  
  50  6:06  Adept x2  
  54  6:11  Pylon  
  54  6:27  Adept  
  54  6:28  Adept x4  
  64  6:34  Adept  
  64  6:35  Adept  
  64  6:38  Pylon  
  68  6:48  Adept  
  68  6:49  Adept x2  
  74  7:01  Adept x4  
  81  7:12  Pylon x2  
  79  7:15  Adept x2  
  79  7:16  Adept  
  81  7:30  Pylon  
  81  7:32  Pylon x2  
  81  7:34  Pylon  
  77  7:43  Mothership Core (Chrono Boost)  
  65  7:46  Adept x2  
  65  7:47  Adept  
Show
View Real Time Build Order
Export as new Build Order

viOLet Zerg - Winner!

Build Orders: Hatch First 

Get SALT Encoding   

  12  0:00  Drone  
  13  0:08  Drone  
  14  0:17  Overlord  
  14  0:22  Extractor  
  14  0:23  Drone  
  15  0:35  Drone x2  
  17  0:52  Hatchery  
  16  0:59  Drone  
  16  1:01  Drone  
  18  1:14  Spawning Pool  
  18  1:17  Drone  
  18  1:20  Extractor  
  18  1:22  Drone  
  18  1:27  Drone  
  19  2:02  Queen  
  19  2:03  Zergling x4  
  19  2:04  Queen, Zergling x2  
  19  2:05  Zergling x2  
  26  2:19  Spine Crawler  
  24  2:30  Spine Crawler  
  24  2:32  Drone  
  22  2:39  Zergling x6  
  25  2:52  Drone x2  
  25  2:53  Drone  
  27  3:00  Drone  
  27  3:04  Drone  
  26  3:14  Drone x2  
  28  3:20  Overlord x2  
  28  3:38  Queen  
  28  3:41  Queen  
  28  3:43  Zergling x2  
  28  3:44  Zergling x4  
  28  3:45  Drone x2  
  28  3:46  Drone  
  36  3:50  Drone x2  
  36  3:51  Drone  
  39  3:57  Drone  
  40  4:09  Hatchery  
  39  4:12  Drone  
  40  4:20  Overlord  
  40  4:21  Drone  
  40  4:22  Drone x2  
  43  4:30  Overlord  
  43  4:33  Overlord  
  43  4:35  Metabolic Boost  
  43  4:38  Queen  
  43  4:42  Drone  
  43  4:43  Drone  
  47  4:48  Overlord  
  47  4:49  Drone x2  
  49  4:57  Drone  
  49  4:59  Drone  
  51  5:02  Drone x2  
  51  5:04  Drone x2  
  54  5:07  Extractor  
  54  5:08  Roach Warren  
  52  5:15  Queen  
  52  5:19  Drone x2  
  56  5:21  Queen  
  56  5:22  Extractor  
  56  5:26  Drone  
  56  5:27  Spore Crawler  
  57  5:29  Spore Crawler  
  57  5:34  Overlord x2  
  56  5:49  Roach x4  
  64  5:53  Roach  
  64  5:54  Roach x3  
  72  5:58  Roach x2  
  76  6:06  Roach  
  76  6:07  Overlord, Roach  
  76  6:08  Overlord  
  80  6:15  Overlord  
  80  6:26  Ravager x3  
  80  6:28  Zergling x18  
  91  6:36  Zergling x6  
  91  6:37  Zergling x2  
  95  6:41  Ravager x2  
  95  6:43  Zergling x2  
  97  6:47  Zergling x2  
  97  6:48  Zergling x2  
  97  6:53  Roach x3, Zergling x4  
  95  7:02  Zergling x6  
  92  7:10  Roach x2  
  92  7:15  Roach x2  
  90  7:23  Roach x2  
  92  7:31  Zergling x2  
  92  7:36  Roach, Zergling x2  
  91  7:37  Zergling x2  
  82  7:51  Drone  
  82  7:52  Drone  

Tags
 
Add a new tag
Caveats
  • Supply blocks, unpowered buildings, or Contaminate may cause inaccurate times.
  • Supply counts are checked every 10 seconds.